AoeStats
← zack

Golden Pit

513774831Analyzed
2v2 RM · 1mo ago on Oct 15, 2026· 51m 25s· 4 players
Game mode
Random Map
Map size
Medium (4 player)
Population
200
Speed
Normal
Resources
Standard
Victory
Conquest
Starting age
Dark Age
Ending age
Imperial Age
RankedLock teamsTeams togetherTeam positionsShared explorationLock speedFull tech treeHidden civsTurbo modeCheats
Victory
Defeat
🇨🇳 Magyars · China
1141
+15
🇨🇳 Persians · China
1098
+17
vs
🇨🇳 Vietnamese · China
1138
-17
🇺🇸 Persians · United States
1088
-15
GJBrannock
14:01 Feudal Age
14:34 Horse Collar
17:05 Loom
19:45 Castle Age
20:59 Double-Bit Axe
21:23 Heavy Plow
33:28 Bloodlines
33:19 Husbandry
41:45 Imperial Age
39:53 Wheelbarrow
39:09 Town Watch
41:28 Scale Barding Armor
41:34 Forging
41:33 Fletching
41:44 Padded Archer Armor
41:50 Kamandaran
42:15 Ballistics
42:09 Masonry
41:56 Murder Holes
42:47 Hand Cart
42:34 Town Patrol
43:54 Chemistry
42:24 Heavy Camel Rider
44:06 Iron Casting
43:51 Chain Barding Armor
44:04 Conscription
49:05 Crossbowman
49:51 Thumb Ring
49:46 Bodkin Arrow
50:06 Leather Archer Armor
50:53 Hoardings
49:46 Light Cavalry
50:34 Gold Mining
50:51 Hussar
阿森
6:18 Loom
13:35 Feudal Age
16:09 Horse Collar
16:15 Double-Bit Axe
18:57 Wheelbarrow
22:50 Castle Age
21:50 Fletching
22:02 Padded Archer Armor
22:55 Crossbowman
23:42 Thumb Ring
23:34 Bodkin Arrow
24:07 Bow Saw
23:59 Heavy Plow
25:58 Town Watch
26:28 Hand Cart
27:28 Leather Archer Armor
28:15 Ballistics
29:48 Murder Holes
30:29 Coinage
32:45 Pikeman
33:25 Squires
33:43 Gold Mining
33:44 Stone Mining
34:23 Elite Skirmisher
38:19 Scale Mail Armor
38:30 Forging
42:11 Imperial Age
40:37 Treadmill Crane
42:46 Chain Mail Armor
43:07 Iron Casting
44:01 Chemistry
43:04 Bracer
43:58 Halberdier
45:42 Ring Archer Armor
47:49 Two-Man Saw
47:51 Guilds
48:26 Crop Rotation
zack
11:32 Feudal Age
17:52 Castle Age
15:46 Double-Bit Axe
19:37 Husbandry
20:14 Horse Collar
24:53 Fletching
30:10 Padded Archer Armor
31:28 Bodkin Arrow
32:13 Leather Archer Armor
32:28 Ballistics
36:41 Wheelbarrow
37:53 Bloodlines
41:14 Imperial Age
40:34 Thumb Ring
41:46 Hand Cart
41:16 Town Watch
41:45 Bow Saw
41:37 Heavy Plow
42:07 Heavy Cavalry Archer
42:51 Bracer
44:07 Parthian Tactics
46:39 Corvinian Army
48:14 Elite Skirmisher
50:41 Conscription
49:48 Light Cavalry
50:41 Scale Barding Armor
Longlonglong
11:40 Feudal Age
15:29 Castle Age
28:13 Gold Mining
28:36 Scale Barding Armor
28:41 Forging
28:47 Stone Mining
31:52 Husbandry
32:03 Bloodlines
35:57 Imperial Age
37:22 Cavalier
39:12 Conscription
41:20 Chemistry
41:13 Stone Shaft Mining
41:16 Gold Shaft Mining
41:53 Chain Barding Armor
42:08 Iron Casting
42:59 Iron Casting
44:44 Pikeman
45:56 Squires
45:17 Halberdier
45:42 Gambesons
48:11 Plate Barding Armor
47:38 Scale Mail Armor
48:39 Blast Furnace
47:10 Light Cavalry
48:43 Hussar
Connection lost

Rejoining the realm…

Still unreachable

The connection could not be restored.

Session expired

The server has moved on; the page needs a fresh start.